AoeStats
← 潜水吧!奈亚子

Arabia

508555122Analyzed
1v1 RM · 9d ago on Sep 23, 2026· 42m 15s· 2 players
Game mode
Random Map
Map size
Tiny (2 player)
Population
200
Speed
Normal
Resources
Standard
Victory
Conquest
Starting age
Dark Age
Ending age
Imperial Age
RankedLock teamsTeams togetherTeam positionsShared explorationLock speedFull tech treeHidden civsTurbo modeCheats
Victory
Defeat
🇲🇽 Cumans · Mexico
1025
+16
🇨🇳 Vikings · China
1035
-16
glitter
1:19 Loom
10:56 Feudal Age
11:21 Double-Bit Axe
12:13 Wheelbarrow
14:17 Forging
16:39 Town Watch
17:04 Horse Collar
20:38 Bloodlines
24:52 Scale Barding Armor
29:23 Castle Age
28:08 Fletching
28:18 Padded Archer Armor
30:55 Leather Archer Armor
31:42 Ballistics
33:22 Thumb Ring
34:48 Hand Cart
37:57 Town Patrol
38:49 Capped Ram
潜水吧!奈亚子
10:49 Feudal Age
9:09 Loom
11:21 Double-Bit Axe
13:32 Horse Collar
20:44 Castle Age
19:38 Gold Mining
20:26 Scale Mail Armor
26:03 Heavy Plow
27:52 Chain Mail Armor
28:34 Bow Saw
29:21 Arson
29:37 Squires
32:03 Forging
32:45 Fletching
32:57 Padded Archer Armor
33:42 Bodkin Arrow
33:32 Crossbowman
35:58 Ballistics
Connection lost

Rejoining the realm…

Still unreachable

The connection could not be restored.

Session expired

The server has moved on; the page needs a fresh start.